 Dungeon Crawl Stone Soup version 0.31-a0-246-g8cbcc1cb85 (webtiles) character file.

Game seed: 17806115937138969197

91 Nietzsche the Cutter (level 4, -3/33 HPs)
             Began as a Vampire Gladiator on July 12, 2023.
             Slain by a gnoll
             ... wielding a +0 spear
              (9 damage)
             ... on level 3 of the Dungeon.
             The game lasted 00:03:05 (1693 turns).

Nietzsche the Cutter (Vampire Gladiator)            Turns: 1693, Time: 00:03:05

Health: -3/33      AC:  4    Str: 13    XL:     4   Next: 34%
Magic:  5/5        EV: 13    Int: 12    God:
Gold:   105        SH:  0    Dex: 15    Spells: 5/5 levels left

rFire   . . .        a - +0 rapier
rCold   . . .        (no shield)
rNeg    . . .        b - +0 leather armour
rPois   .            c - +0 helmet
rElec   .            (no cloak)
rCorr   .            (no gloves)
SInv    +            (no boots)
Will    .....        (no amulet)
Stlth   ++           (no ring)
HPRegen 0.45/turn    (no ring)
MPRegen 0.09/turn

%: no passive effects
@: attractive, healing quickly
A: alive, fangs 3, see invisible, vampiric 2
a: Exsanguinate


You were on level 3 of the Dungeon.
You visited 1 branch of the dungeon, and saw 3 of its levels.

You collected 105 gold pieces.

Inventory:

Hand Weapons
 a - a +0 rapier (weapon)
 g - a +3 dagger
Missiles
 d - 3 throwing nets (quivered)
 e - a javelin
Armour
 b - a +0 leather armour (worn)
 c - a +0 helmet (worn)
Jewellery
 j - a ring of fire
 k - a ring of positive energy
Scrolls
 f - a scroll of blinking {unknown}
 o - 2 scrolls of teleportation {unknown}
 q - a scroll of fog {unknown}
Potions
 l - a potion of lignification {unknown}
 m - a potion of invisibility {unknown}
 n - a potion of cancellation {unknown}
 p - a potion of haste {unknown}


   Skills:
 + Level 2.0 Fighting
 + Level 4.1 Short Blades
 + Level 1.6 Throwing
 - Level 0.4 Armour
 + Level 3.7 Dodging
 + Level 3.2 Stealth
 * Level 1.1 Spellcasting


You had 5 spell levels left.
You didn't know any spells.
Your spell library contained the following spells:

 Spells                   Type           Power      Damage    Failure   Level
 Summon Forest            Summ/Tloc      0%         N/A       100%        5
 Eringya's Noxious Bog    Tmut/Pois      0%         4d6       100%        6
 Summon Hydra             Summ           0%         N/A       100%        7


Dungeon Overview and Level Annotations

Branches:
Dungeon (3/15)

Altars:
Nemelex Xobeh


Innate Abilities, Weirdness & Mutations

Your natural rate of healing is accelerated.
You have razor-sharp teeth.
You have supernaturally acute eyesight. (SInv)
You are afflicted with vampirism and can become a bat while bloodless.


Message History

The gnoll misses you.
You hit the gnoll. Your bite misses the gnoll.
The gnoll is moderately wounded.
The gnoll hits you from afar with a +0 spear.
The gnoll barely misses you.
You hit the gnoll.
The gnoll is severely wounded.
The gnoll hits you but does no damage. The gnoll closely misses you.
You closely miss the gnoll.
The gnoll is severely wounded.
The gnoll hits you from afar with a +0 spear.
The gnoll barely misses you.
You hit the gnoll.
You kill the gnoll!
The gnoll hits you from afar with a +0 spear.
Your Fighting skill increases to level 2!
You hit the gnoll but do no damage. Your bite misses the gnoll.
The gnoll closely misses you. The gnoll hits you with a +0 club.
You barely miss the gnoll. The gnoll misses you.
The gnoll hits you with a +0 club.
You hit the gnoll but do no damage. You bite the gnoll.
The gnoll is heavily wounded.
The gnoll hits you from afar with a +0 spear.
* * * LOW HITPOINT WARNING * * *
The gnoll barely misses you.
You hit the gnoll.
You kill the gnoll!
The gnoll closely misses you.
You hit the gnoll but do no damage. The gnoll misses you.
The gnoll hits you with a +0 whip!
* * * LOW HITPOINT WARNING * * *
You barely miss the gnoll. The gnoll barely misses you. The gnoll misses you.
You feel better.
The gnoll hits you from afar with a +0 spear.
* * * LOW HITPOINT WARNING * * *
The gnoll closely misses you.
It was a potion of attraction.
You feel attractive to monsters.
The gnoll hits you from afar with a +0 spear!
You die...

#.. #.# ... #.# #+## #.# ...
...## #.# #.# ....#####.#####
#.# ## .....##.......# #.##.##
......#.#.....########.#...###
......'.........@g............
......#.......####g........#
.##########.#.# #.###.#..## .#
###.# #.# #.....# .# #.# #.#
###.#.# ## #.# #.# .# # ..#
#.# # ## ### #.. .# ##


You could see 2 gnolls.

Vanquished Creatures
  Terence (D:2)
  2 gnolls (D:3)
  3 dart slugs (D:1)
  4 ball pythons
  3 bats
  4 endoplasms
  3 giant cockroaches
  2 goblins
  6 hobgoblins
  2 quokkas
  5 frilled lizards
  4 kobolds
  A rat (D:1)
40 creatures vanquished.

Notes
Turn   | Place    | Note
-------+----------+-------------------------------------------
     0 | D:1      | Nietzsche the Vampire Gladiator began the quest for the
                  | Orb.
     0 | D:1      | Reached XP level 1. HP: 16/16 MP: 1/1
    76 | D:1      | Found a faded altar of an unknown god.
   120 | D:1      | Reached skill level 1 in Stealth
   126 | D:1      | Reached XP level 2. HP: 22/22 MP: 2/2
   495 | D:1      | Gained mutation: You are afflicted with vampirism and can
                  | become a bat while bloodless. [Vampire growth]
   495 | D:1      | Reached XP level 3. HP: 27/27 MP: 4/4
   976 | D:2      | Noticed Terence
   991 | D:2      | Killed Terence
   992 | D:2      | Reached skill level 4 in Short Blades
   993 | D:2      | Reached XP level 4. HP: 11/33 MP: 5/5
  1113 | D:2      | Reached skill level 1 in Spellcasting
  1496 | D:3      | Found a sparkling altar of Nemelex Xobeh.
  1591 | D:3      | Identified the +0 long sword of Linearity {venom, rN++
                  | Int+3 Stlth-}
  1693 | D:3      | Slain by a gnoll

Illustrated notes

Levels and vault maps discovered:
D:1:      nzn_arrival_depleted_hourglass, layout_loops_ring,
          ebering_ecumenical_altar_hall, serial_bayou_pond_b
D:2:      layout_rooms, uniq_terence
D:3:      layout_loops_corners, nemelex_spade_bored_becter,
          hellmonk_okawaru_the_only_friend_you_need

Skill      XL: |  1  2  3  4 |
---------------+-------------+-----
Stealth        | 1 3 |  3.2
Short Blades   | 4 |  4.1
Spellcasting   | 1 |  1.1
Fighting       | 2 |  2.0
Throwing       | |  1.6
Armour         | |  0.4
Dodging        | |  3.7

Action                     |  1- 3 |  4- 6 || total
---------------------------+-------+-------++-------
  Melee: Rapier            |    86 |    22 ||   108
         Bite              |     4 |     2 ||     6
         Punch             |     1 |     1 ||     2
    Use: Potion            |     1 |     2 ||     3
   Stab: Sleeping          |     7 |     2 ||     9
 Armour: Leather armour    |    10 |     2 ||    12
  Dodge: Dodged            |    48 |    18 ||    66

Table legend: (Time is in decaauts)
 A = Elapsed time spent in this place.
 B = Non-inter-level travel time spent in this place.
 C = Inter-level travel time spent in this place.
 D = Time resting spent in this place.
 E = Time spent auto-exploring this place.
 F = Levels seen in this place.
 G = Mean time per level.
                   A        B        C        D        E       F      G
               +--------+--------+--------+--------+--------+-----+--------+
         Total |   1697 |   1633 |     64 |      0 |   1298 |   3 |  565.7 |
       Dungeon |   1697 |   1633 |     64 |      0 |   1298 |   3 |  565.7 |
               +--------+--------+--------+--------+--------+-----+--------+

Top non-repeatable levels by time:
     D:1: 831 daAuts
     D:2: 445 daAuts
     D:3: 420 daAuts
